[Event "Titled Tuesday Blitz December 20 Late 2022"]
[White "Bilan, Danila"]
[Black "Ibadov, Dashgyn"]
[WhiteFideId "24161918"]
[BlackFideId "24107514"]
[WhiteElo "2182"]
[BlackElo "2208"]
[Result "1/2-1/2"]
[Round "08"]
[TimeControl "180+1"]
[Date "2022.12.21"]
[WhiteClock "0:00:18"]
[BlackClock "0:00:05"]

1. d4 d5 2. Nf3 Nf6 3. c4 c6 4. Nc3 e6 5. Bg5 Nbd7 6. cxd5 exd5 7. e3 Be7 8. Bd3 O-O 9. Qc2 Re8 10. O-O Nf8 11. Rab1 g6 12. b4 a6 13. a4 Ne6 14. Bh4 Ng7 15. b5 axb5 16. axb5 Bf5 17. bxc6 bxc6 18. Bxf5 Nxf5 19. Bxf6 Bxf6 20. Na4 Rc8 21. Nc5 Nd6 22. Rfc1 Kg7 23. Nb7 Nxb7 24. Rxb7 Re7 25. Rb3 Rec7 26. Rc3 Qd6 27. g3 h5 28. h4 Be7 29. Kg2 c5 30. dxc5 Rxc5 31. Rxc5 Rxc5 32. Qxc5 Qxc5 33. Rxc5 Bxc5 34. Kf1 Kf6 35. Ke2 Ke6 36. Kd3 Bb6 37. Ng5+ Kf6 38. Nh3 Kf5 39. Nf4 Ke5 40. Ne2 Ba5 41. Nd4 Bb6 42. Nf3+ Kf5 43. Ng5 f6 44. Nf3 Kg4 45. Ne1 g5 46. hxg5 fxg5 47. Ke2 h4 48. gxh4 gxh4 49. Kf1 h3 50. Kg1 Bc7 51. Nd3 Kf5 52. Nb4 Ke4 53. f4 Bb6 54. Nxd5 Kxd5 55. Kh2 Bxe3 56. Kxh3 Bxf4 1/2-1/2


[Site "https://www.chess.com"]

[Event "Titled Tuesday Blitz December 20 Late 2022"]
[White "Bjelobrk, Igor"]
[Black "Silva, Miguel Antonio Neto"]
[WhiteFideId "4300726"]
[BlackFideId "1911929"]
[WhiteElo "2335"]
[BlackElo "2223"]
[Result "0-1"]
[Round "08"]
[TimeControl "180+1"]
[Date "2022.12.21"]
[WhiteClock "0:00:14"]
[BlackClock "0:00:27"]

1. Nf3 d5 2. g3 Nf6 3. Bg2 Bf5 4. c4 c6 5. Qb3 Qb6 6. d3 e6 7. Be3 Qxb3 8. axb3 a6 9. Nc3 Nbd7 10. O-O h6 11. cxd5 exd5 12. Nd4 Bg6 13. Nc2 Bd6 14. b4 O-O 15. Na4 Rfe8 16. Bh3 Re7 17. Rfe1 Rae8 18. Kf1 Ne5 19. Rad1 Neg4 20. Kg2 Nxe3+ 21. fxe3 Nh7 22. Kf2 Ng5 23. Bg2 h5 24. Nc5 Ne6 25. Nb3 Nf8 26. Bh3 Nh7 27. Nc5 Ng5 28. Bg2 Ne6 29. Nb3 Ng5 30. h4 Nh7 31. Bh3 Nf6 32. Nc5 a5 33. Nb3 axb4 34. Ra1 c5 35. Red1 b6 36. Ra6 Bc7 37. Kf3 Nd7 38. Kf2 Ne5 39. Raa1 f5 40. Ra6 Ng4+ 41. Bxg4 fxg4 42. Raa1 Rf8+ 43. Kg2 Ref7 44. Rf1 Rxf1 45. Rxf1 Rxf1 46. Kxf1 Bxg3 0-1


[Site "https://www.chess.com"]

[Event "Titled Tuesday Blitz December 20 Late 2022"]
[White "Bluebaum, Matthias"]
[Black "Shimanov, Aleksandr"]
[WhiteFideId "24651516"]
[BlackFideId "4198603"]
[WhiteElo "2634"]
[BlackElo "2605"]
[Result "0-1"]
[Round "08"]
[TimeControl "180+1"]
[Date "2022.12.20"]
[WhiteClock "0:00:11"]
[BlackClock "0:00:12"]

1. d4 d5 2. c4 e6 3. Nc3 Nf6 4. cxd5 exd5 5. Bg5 c6 6. e3 Bf5 7. Nge2 h6 8. Bf4 Nbd7 9. Ng3 Be6 10. h4 Nb6 11. Bd3 Bd6 12. Bxd6 Qxd6 13. Qd2 O-O 14. Nge2 Rfe8 15. f3 c5 16. Nb5 Qe7 17. dxc5 Qxc5 18. b3 Nc4 19. bxc4 dxc4 20. Nd6 Red8 21. Nxb7 Qe5 22. Nd4 Rxd4 23. Bh7+ Kxh7 24. Qxd4 Qg3+ 25. Kf1 Bd5 26. Rh3 Qc7 27. Nc5 Rc8 28. Na4 c3 29. Rc1 c2 30. e4 Be6 31. Rh1 Qf4 32. Qb2 Ng4 33. Rh3 Qe3 34. Rxc2 Bc4+ 35. Rxc4 Rxc4 36. fxg4 Rc1+ 37. Qxc1 Qxc1+ 38. Kf2 Qc2+ 39. Kf3 Qxa4 40. Kf4 Qxa2 41. g5 a5 42. g6+ fxg6 43. h5 a4 44. Ke5 a3 45. Kd6 Qd2+ 46. Kc7 a2 47. hxg6+ Kxg6 48. e5 a1=Q 49. Rg3+ Kh7 50. Rxg7+ Kxg7 0-1


[Site "https://www.chess.com"]

[Event "Titled Tuesday Blitz December 20 Late 2022"]
[White "Boros, Denes"]
[Black "Horvath, Dominik"]
[WhiteFideId "722340"]
[BlackFideId "1642561"]
[WhiteElo "2464"]
[BlackElo "2405"]
[Result "1-0"]
[Round "08"]
[TimeControl "180+1"]
[Date "2022.12.20"]
[WhiteClock "0:00:57"]
[BlackClock "0:00:27"]

1. d4 d5 2. Nc3 Nf6 3. Nf3 Bf5 4. Nh4 Bg6 5. g3 e6 6. Bg2 c5 7. Nxg6 hxg6 8. O-O Nc6 9. dxc5 Bxc5 10. b3 Ng4 11. e3 Nxh2 12. Re1 f5 13. Na4 Bb4 14. Bd2 Bxd2 15. Qxd2 Ne5 16. Qe2 g5 17. f4 Nd7 18. c4 b5 19. cxd5 bxa4 20. dxe6 Nf6 21. Qb5+ Ke7 22. Rad1 Qc8 23. fxg5 Rb8 24. Qe5 Qxe6 25. gxf6+ Kf7 26. Qxe6+ Kxe6 27. fxg7 1-0


[Site "https://www.chess.com"]

[Event "Titled Tuesday Blitz December 20 Late 2022"]
[White "Bortnyk, Olexandr"]
[Black "Carlsen, Magnus"]
[WhiteFideId "14120828"]
[BlackFideId "1503014"]
[WhiteElo "2723"]
[BlackElo "2830"]
[Result "1-0"]
[Round "08"]
[TimeControl "180+1"]
[Date "2022.12.20"]
[WhiteClock "0:00:05"]
[BlackClock "0:00:09"]

1. e4 e5 2. Bc4 Nf6 3. d3 c6 4. Nf3 d5 5. Bb3 Bb4+ 6. Bd2 Bxd2+ 7. Qxd2 O-O 8. Nc3 Re8 9. h3 a5 10. a3 Na6 11. O-O Nc5 12. exd5 Nxb3 13. cxb3 cxd5 14. Rfe1 d4 15. Nb5 Bd7 16. Nd6 Re6 17. Nc4 h6 18. Ncxe5 Be8 19. Qf4 Nd5 20. Qg4 Qf6 21. Qxd4 Rd8 22. Nc4 b6 23. Rxe6 Qxe6 24. Re1 Qc6 25. Qh4 Nf6 26. Nfe5 Qc7 27. a4 b5 28. axb5 Bxb5 29. Re3 Rd5 30. Ng4 Nxg4 31. Qxg4 Qd8 32. Qe4 Rd4 33. Qb7 Bd7 34. Qa7 Be6 35. Qxa5 Rxd3 36. Qxd8+ Rxd8 37. f3 Rd1+ 38. Kf2 Rc1 39. Rc3 Rb1 40. Rc2 Bf5 41. Rd2 Be6 42. Ke3 Kf8 43. Kd4 Ke7 44. Kc5 Rc1 45. Kb5 g5 46. Na5 Bd7+ 47. Kb6 Rc8 48. b4 Rb8+ 49. Kc7 Rc8+ 50. Kb7 Rc1 51. Kb6 Be8 52. b5 Kf6 53. Nc6 h5 54. Rd8 Re1 55. Kc7 Re2 56. b6 Bxc6 57. Rd6+ 1-0


[Site "https://www.chess.com"]

[Event "Titled Tuesday Blitz December 20 Late 2022"]
[White "Broca Jimenez, Fernando"]
[Black "Novikova, Galina"]
[WhiteFideId "5104742"]
[BlackFideId "4157095"]
[WhiteElo "2062"]
[BlackElo "1953"]
[Result "0-1"]
[Round "08"]
[TimeControl "180+1"]
[Date "2022.12.21"]
[WhiteClock "0:00:17"]
[BlackClock "0:01:54"]

1. e4 e6 2. d4 d5 3. exd5 exd5 4. Bd3 Nc6 5. Nf3 Bg4 6. c3 Qd7 7. b4 O-O-O 8. O-O f6 9. Qc2 Kb8 10. Nbd2 g5 11. a4 Bd6 12. Ba3 h5 13. b5 Na5 14. Bxd6 Qxd6 15. Bf5 Nh6 16. Bd3 Bc8 17. Nb3 Nxb3 18. Qxb3 h4 19. Nd2 g4 20. Qc2 f5 21. Rfe1 f4 22. Re5 f3 23. Rae1 fxg2 24. Kxg2 g3 25. fxg3 hxg3 26. hxg3 Ng4 27. Bf5 Nxe5 28. dxe5 Qh6 29. Bxc8 Qh2+ 30. Kf3 Rxc8 31. Nf1 Qxc2 0-1


[Site "https://www.chess.com"]

[Event "Titled Tuesday Blitz December 20 Late 2022"]
[White "Burke, Paul"]
[Black "Antonio, Jorge Carlos"]
[WhiteFideId "2605767"]
[BlackFideId "113190"]
[WhiteElo "1779"]
[BlackElo "2247"]
[Result "0-1"]
[Round "08"]
[TimeControl "180+1"]
[Date "2022.12.21"]
[WhiteClock "0:00:42"]
[BlackClock "0:01:19"]

1. e4 c5 2. d4 cxd4 3. c3 dxc3 4. Nxc3 Nc6 5. Nf3 e6 6. Bf4 Bb4 7. Bd3 Bxc3+ 8. bxc3 d6 9. Qe2 Nf6 10. Rd1 e5 11. Bg5 h6 12. Bh4 Be6 13. O-O O-O 14. Bb5 a6 15. Bxc6 bxc6 16. Nxe5 Re8 17. Nxc6 Qc7 18. Bxf6 Qxc6 19. Bd4 f6 20. Qh5 Bxa2 21. Bxf6 Qxe4 22. Rd4 Qe6 23. Bh4 Bc4 24. Rxc4 Qxc4 25. Qf3 Qxh4 0-1


[Site "https://www.chess.com"]

[Event "Titled Tuesday Blitz December 20 Late 2022"]
[White "Carbone, Diego"]
[Black "Souleidis, Georgios"]
[WhiteFideId "3002179"]
[BlackFideId "4206827"]
[WhiteElo "2266"]
[BlackElo "2401"]
[Result "0-1"]
[Round "08"]
[TimeControl "180+1"]
[Date "2022.12.21"]
[WhiteClock "0:00:09"]
[BlackClock "0:00:15"]

1. d4 Nf6 2. c4 g6 3. g3 Bg7 4. Bg2 O-O 5. Nc3 d6 6. Nf3 Nc6 7. O-O e5 8. dxe5 Nxe5 9. Nxe5 dxe5 10. Qxd8 Rxd8 11. Bg5 Rd7 12. Rfd1 c6 13. Na4 Rxd1+ 14. Rxd1 Be6 15. b3 Nd7 16. Be3 Bf8 17. Kf1 Be7 18. Ke1 Kf8 19. Kd2 Ke8 20. f4 exf4 21. gxf4 Bb4+ 22. Kc1 Bg4 23. Bd2 Ba3+ 24. Kc2 Rd8 25. Bc3 Be7 26. Ba5 Rc8 27. Rd2 Nc5 28. Nxc5 Bxc5 29. Bf3 Bxf3 30. exf3 Ke7 31. Re2+ Kd7 32. Bc3 Re8 33. Rxe8 Kxe8 34. Kd3 f5 35. Be5 Kd7 36. h3 a6 37. Kc3 Bf2 38. Bd4 Bg3 39. Be5 g5 0-1


[Site "https://www.chess.com"]

[Event "Titled Tuesday Blitz December 20 Late 2022"]
[White "Chigaev, Maksim"]
[Black "Zhigalko, Sergei"]
[WhiteFideId "4108116"]
[BlackFideId "13502956"]
[WhiteElo "2542"]
[BlackElo "2662"]
[Result "1-0"]
[Round "08"]
[TimeControl "180+1"]
[Date "2022.12.20"]
[WhiteClock "0:00:03"]
[BlackClock "0:00:02"]

1. c4 e5 2. g3 Nf6 3. Bg2 c6 4. Nf3 d6 5. O-O Be7 6. Nc3 O-O 7. d3 h6 8. b4 Be6 9. b5 Nbd7 10. a4 d5 11. Nd2 a5 12. Bb2 Rc8 13. Rc1 Bb4 14. Na2 Bd6 15. Nb3 cxb5 16. axb5 dxc4 17. dxc4 Qe7 18. Nxa5 Nc5 19. Nb4 Qc7 20. Nxb7 Nxb7 21. Na6 Qb6 22. Bxb7 Qxb7 23. Qxd6 Bh3 24. f3 Bxf1 25. Kxf1 e4 26. Bxf6 exf3 27. Bb2 fxe2+ 28. Kf2 Rfe8 29. Qd4 f6 30. Nc5 Qe7 31. Nb3 e1=Q+ 32. Rxe1 Qxe1+ 33. Kg2 Qe2+ 34. Kh3 1-0


[Site "https://www.chess.com"]

[Event "Titled Tuesday Blitz December 20 Late 2022"]
[White "Clawitter, Craig"]
[Black "Myers, Dominique"]
[WhiteFideId "2023105"]
[BlackFideId "2041715"]
[WhiteElo "2215"]
[BlackElo "1953"]
[Result "1-0"]
[Round "08"]
[TimeControl "180+1"]
[Date "2022.12.21"]
[WhiteClock "0:02:01"]
[BlackClock "0:02:32"]

1. e4 e5 2. Nf3 Qe7 3. Nc3 c6 4. d4 d6 5. a4 h6 6. g3 g5 7. h3 Bg7 8. Bg2 Nd7 9. O-O Ngf6 10. Re1 O-O 11. b3 a5 12. dxe5 Nxe5 13. Nd4 Rd8 14. Ba3 Be6 15. f4 gxf4 16. gxf4 Ne8 17. fxe5 dxe5 18. Bxe7 1-0


[Site "https://www.chess.com"]

[Event "Titled Tuesday Blitz December 20 Late 2022"]
[White "D`Arruda, Ricardo D."]
[Black "gshwbedhkhd"]
[WhiteFideId "100692"]
[WhiteElo "2445"]
[BlackElo "2570"]
[Result "0-1"]
[Round "08"]
[TimeControl "180+1"]
[Date "2022.12.21"]
[WhiteClock "0:00:04"]
[BlackClock "0:00:13"]

1. d4 f5 2. Bg5 h6 3. Bc1 Nf6 4. Nc3 d5 5. Nf3 e6 6. Ne5 Bd6 7. Ng6 Rg8 8. f3 Kf7 9. Ne5+ Bxe5 10. dxe5 Nfd7 11. f4 a6 12. g3 c5 13. Bg2 Nc6 14. O-O Re8 15. e3 Ne7 16. Qh5+ Kg8 17. g4 Nf8 18. gxf5 Nxf5 19. e4 dxe4 20. Nxe4 Bd7 21. Bd2 Bc6 22. Qe2 Nh4 23. Bh1 Bb5 24. Qg4 Bxf1 25. Rxf1 Nh7 26. Be3 b6 27. Nd6 Nf5 28. Nxe8 Qxe8 29. Bf2 Rd8 30. Be4 Nd4 31. Kh1 Nf8 32. Rg1 Qf7 33. Rd1 Rd7 34. c3 Nf5 35. Rxd7 Qxd7 36. Qe2 Ng6 37. Bxf5 exf5 38. Qxa6 Qd5+ 39. Kg1 Nxf4 40. Qf1 Qf3 41. Bg3 Ne2+ 42. Qxe2 Qxe2 0-1


[Site "https://www.chess.com"]

[Event "Titled Tuesday Blitz December 20 Late 2022"]
[White "De Souza, Cristiano Gomes"]
[Black "Da Silva Junior, Sediney Mari"]
[WhiteFideId "2151758"]
[BlackFideId "2132079"]
[WhiteElo "2068"]
[BlackElo "1996"]
[Result "1-0"]
[Round "08"]
[TimeControl "180+1"]
[Date "2022.12.21"]
[WhiteClock "0:00:38"]
[BlackClock "0:00:07"]

1. d4 f5 2. c4 Nf6 3. Nf3 d6 4. Nc3 c6 5. g3 Qc7 6. Bg2 e5 7. dxe5 dxe5 8. O-O e4 9. Nd4 Be7 10. Bf4 Qb6 11. Na4 Qa5 12. b3 O-O 13. Bd2 Qd8 14. Bc3 Na6 15. Nb2 Qc7 16. Qc2 e3 17. f3 f4 18. g4 Bd7 19. Nd3 Be8 20. Nf5 Bg6 21. Be5 Nb4 22. Qc3 Qb6 23. Nxf4 Bxf5 24. gxf5 Nd7 25. Bxg7 Rxf5 26. Kh1 Rxf4 27. Bh3 Nf8 28. Rg1 Ng6 29. Be6+ Rf7 30. Bh6 Bf8 31. Qf6 Qc7 32. Rxg6+ hxg6 33. Qxg6+ Kh8 34. Bxf7 Qxf7 35. Qxf7 Bxh6 36. Qxb7 1-0


[Site "https://www.chess.com"]

[Event "Titled Tuesday Blitz December 20 Late 2022"]
[White "Delorme, Axel"]
[Black "Migot, Tangi"]
[WhiteFideId "632023"]
[BlackFideId "662445"]
[WhiteElo "2478"]
[BlackElo "2561"]
[Result "1-0"]
[Round "08"]
[TimeControl "180+1"]
[Date "2022.12.21"]
[WhiteClock "0:00:17"]
[BlackClock "0:00:21"]

1. e4 c5 2. Nf3 d6 3. Bb5+ Nd7 4. Ba4 Nf6 5. O-O e6 6. Re1 Be7 7. c4 O-O 8. Nc3 Ne5 9. d3 Nxf3+ 10. Qxf3 e5 11. Rb1 a5 12. h3 h6 13. Rf1 Nh7 14. Qe2 Bg5 15. f4 Bxf4 16. Bxf4 exf4 17. Rxf4 f5 18. Rbf1 g5 19. R4f2 f4 20. Nd5 Be6 21. Bc2 Bxd5 22. exd5 Qe8 23. Qd2 Qe5 24. Re1 Qg7 25. d4 cxd4 26. Bxh7+ Kxh7 27. Rfe2 f3 28. Re7 Rf7 29. Rxf7 Qxf7 30. Qxd4 fxg2 31. Qe4+ Kg8 32. Qe6 Rf8 33. Kxg2 Kg7 34. Qxf7+ Rxf7 35. Re6 Rf6 36. Re7+ Rf7 37. Rxf7+ Kxf7 38. Kf3 Kf6 39. Ke4 b6 40. b3 h5 41. a3 g4 42. hxg4 hxg4 43. Kf4 g3 44. Kxg3 Ke5 45. Kg4 Kd4 46. Kf5 Kc3 47. Ke6 Kxb3 48. Kxd6 Kxc4 49. Kc6 b5 50. d6 b4 51. axb4 axb4 52. d7 b3 53. d8=Q b2 54. Qd1 Kc3 55. Qb1 1-0


[Site "https://www.chess.com"]

[Event "Titled Tuesday Blitz December 20 Late 2022"]
[White "Denishev, Marat"]
[Black "Izeta Txabarri, Felix"]
[WhiteFideId "24131563"]
[BlackFideId "2200260"]
[WhiteElo "2194"]
[BlackElo "2474"]
[Result "1-0"]
[Round "08"]
[TimeControl "180+1"]
[Date "2022.12.21"]
[WhiteClock "0:00:30"]
[BlackClock "0:00:02"]

1. e4 Nc6 2. Nf3 d6 3. d4 Nf6 4. Nc3 Bg4 5. d5 Nb8 6. h3 Bxf3 7. Qxf3 g6 8. Bf4 Bg7 9. Be2 O-O 10. O-O c6 11. Rfe1 Nbd7 12. dxc6 bxc6 13. Bc4 Qb6 14. Bb3 Nh5 15. Be3 Nc5 16. Na4 Qa5 17. Nxc5 dxc5 18. c3 Rab8 19. Rad1 c4 20. Bxc4 Rxb2 21. Rd7 Qxc3 22. Rc1 Rc2 23. Rxc2 Qxc2 24. Bb3 Qb1+ 25. Kh2 Be5+ 26. g3 Qf1 27. Qg2 Qe2 28. Bxa7 Bd6 29. Bd4 c5 30. Bc3 c4 31. Ba4 Bc5 32. Rd2 Qe1 33. Bb5 Qc1 34. Ba5 c3 35. Rd5 Bd6 36. e5 Ba3 37. Ba4 e6 38. Rd3 c2 39. Rc3 Qb2 40. Rxc2 Qxe5 41. Bc3 1-0


[Site "https://www.chess.com"]

[Event "Titled Tuesday Blitz December 20 Late 2022"]
[White "Dong, Bao Nghia"]
[Black "Toncheva, Nadya"]
[WhiteFideId "12400343"]
[BlackFideId "2924056"]
[WhiteElo "2305"]
[BlackElo "2101"]
[Result "1-0"]
[Round "08"]
[TimeControl "180+1"]
[Date "2022.12.21"]
[WhiteClock "0:01:39"]
[BlackClock "0:00:04"]

1. d4 d5 2. c4 dxc4 3. Nc3 a6 4. e3 b5 5. a4 b4 6. Na2 e5 7. Bxc4 Bb7 8. Nf3 exd4 9. exd4 Nf6 10. O-O Be7 11. Qb3 O-O 12. Ne5 Bd5 13. Nxb4 Bxc4 14. Qxc4 Qd6 15. Nc2 Nbd7 16. Bf4 Qb6 17. a5 Qb7 18. b4 Nxe5 19. Bxe5 Nd5 20. Rab1 Bd6 21. b5 Bxe5 22. dxe5 Rfd8 23. Nd4 axb5 24. Rxb5 Qa6 25. Rc1 Nf4 26. Nc6 Rd5 27. Ne7+ Kf8 28. Nxd5 Nxd5 29. Qxd5 Qh6 30. h3 Qxc1+ 31. Kh2 Qf4+ 32. Kh1 Qc1+ 33. Kh2 Qf4+ 34. g3 Qxf2+ 35. Qg2 Qxg2+ 36. Kxg2 Ke7 37. Kf3 Ra6 38. Ke4 Ke6 39. g4 f6 40. exf6 Kxf6 41. Rf5+ Ke6 42. Kd4 g6 43. Rb5 Kd6 44. Kc4 c6 45. Rc5 Ra8 46. h4 Rf8 47. Kb4 Rf4+ 48. Rc4 Rf8 49. a6 Ra8 50. Ka5 Kc7 51. Rf4 h5 52. gxh5 gxh5 53. Rf5 Rd8 54. Rxh5 Kb8 55. Kb6 c5 56. Rxc5 Rd6+ 57. Rc6 Rd8 58. h5 Ka8 59. h6 Rb8+ 60. Kc5 Rh8 61. Kd5 Ka7 62. Ke5 Re8+ 63. Re6 Rh8 64. Kf5 Rh7 65. Kg6 Rh8 66. h7 Rc8 67. Kg7 Rc7+ 68. Kg8 Rc8+ 69. Kf7 Rh8 70. Kg7 Rc8 1-0


[Site "https://www.chess.com"]

[Event "Titled Tuesday Blitz December 20 Late 2022"]
[White "Dudzinski, Pawel"]
[Black "Sielecki, Christof"]
[WhiteFideId "1117890"]
[BlackFideId "4620437"]
[WhiteElo "2099"]
[BlackElo "2443"]
[Result "0-1"]
[Round "08"]
[TimeControl "180+1"]
[Date "2022.12.21"]
[WhiteClock "0:01:45"]
[BlackClock "0:02:12"]

1. e4 c5 2. c4 Nc6 3. Nc3 g6 4. g3 Bg7 5. Bg2 a6 6. Nge2 b5 7. cxb5 axb5 8. Nxb5 Ba6 9. Nbc3 Nb4 10. O-O Bd3 11. Nf4 Bxf1 12. Qxf1 Nc2 13. Rb1 Nd4 14. a3 Nh6 15. d3 O-O 16. Be3 Ng4 17. Bd2 Ne5 18. Nfd5 Nef3+ 19. Bxf3 Nxf3+ 20. Kg2 Nxd2 21. Qd1 Nxb1 22. Qxb1 Bxc3 23. bxc3 e6 24. Ne3 d5 25. exd5 exd5 26. Ng4 h5 27. Ne3 d4 28. cxd4 cxd4 29. Nc4 Rxa3 30. Nxa3 Qa8+ 0-1


[Site "https://www.chess.com"]

[Event "Titled Tuesday Blitz December 20 Late 2022"]
[White "Dzierzak, Radoslaw"]
[Black "Liu, Kelsey"]
[WhiteFideId "1161407"]
[BlackFideId "30944481"]
[WhiteElo "2111"]
[BlackElo "2302"]
[Result "1-0"]
[Round "08"]
[TimeControl "180+1"]
[Date "2022.12.21"]
[WhiteClock "0:00:12"]
[BlackClock "0:00:21"]

1. e4 c5 2. Nf3 e6 3. d4 cxd4 4. Nxd4 Nc6 5. Nc3 Nf6 6. g3 Bc5 7. Nb3 Bb4 8. Bg2 O-O 9. O-O a5 10. Bd2 a4 11. Nc1 b6 12. a3 Bc5 13. e5 Ne8 14. Nd3 Ba6 15. Re1 Bd4 16. Bf4 Qc7 17. Nb4 Bxc3 18. bxc3 Bc4 19. Qg4 Ra5 20. Rad1 Ne7 21. Be4 Nd5 22. Nxd5 Bxd5 23. Bxd5 Rxd5 24. Rxd5 exd5 25. e6 Qxc3 26. exf7+ Kxf7 27. Qxd7+ Kg8 28. Rxe8 Qa1+ 29. Kg2 Qxa3 30. Qxd5+ Kh8 31. Bd6 1-0


[Site "https://www.chess.com"]

[Event "Titled Tuesday Blitz December 20 Late 2022"]
[White "Eljanov, Pavel"]
[Black "Keymer, Vincent"]
[WhiteFideId "14102951"]
[BlackFideId "12940690"]
[WhiteElo "2598"]
[BlackElo "2600"]
[Result "1/2-1/2"]
[Round "08"]
[TimeControl "180+1"]
[Date "2022.12.20"]
[WhiteClock "0:00:04"]
[BlackClock "0:00:05"]

1. e4 c6 2. d4 d5 3. exd5 cxd5 4. Bd3 Nf6 5. c3 Bg4 6. Nf3 Nc6 7. O-O e6 8. Re1 Bd6 9. Bg5 h6 10. Bh4 O-O 11. Nbd2 Be7 12. Qb3 a6 13. Bxf6 gxf6 14. h3 Bxf3 15. Nxf3 Qc7 16. a4 Kh8 17. Qc2 Qf4 18. Qd2 Qxd2 19. Nxd2 Rac8 20. g4 Bd6 21. a5 h5 22. Kf1 hxg4 23. hxg4 Rg8 24. f3 Kg7 25. Ke2 Rh8 26. Rf1 Rh2+ 27. Rf2 Rch8 28. Nf1 Rh1 29. b4 Bf4 30. Rd1 e5 31. Ne3 Bxe3 32. Rxh1 Rxh1 33. Kxe3 exd4+ 34. cxd4 Nxb4 35. Bf5 Nc6 36. Ra2 Re1+ 37. Kf2 Rc1 38. Bc8 Nb4 39. Ra4 Nd3+ 40. Ke3 Nb2 41. Rb4 Nc4+ 42. Kf2 Rc2+ 43. Kg3 Nxa5 44. Bxb7 Nxb7 45. Rxb7 Rc4 46. Ra7 Rxd4 47. Rxa6 Kg6 48. Rd6 Rd2 49. Kf4 Rd3 50. g5 Kg7 51. Rxf6 d4 52. Rd6 Rd1 53. Kg4 d3 54. f4 d2 55. Kf5 Rc1 56. Rxd2 Rc5+ 57. Kg4 Ra5 58. Re2 Ra4 59. Re5 Rb4 60. Kf5 Ra4 61. Rd5 Rb4 62. Ke5 Rb1 63. Rd4 Rb5+ 64. Ke4 Kg6 65. Rd6+ Kg7 66. f5 Rb4+ 67. Kf3 Ra4 68. Rd7 Kg8 69. Kg3 Kf8 70. Rc7 Kg8 71. Rb7 Kf8 72. Rb8+ Kg7 73. f6+ Kg6 74. Rg8+ Kf5 75. Rg7 Ke6 76. Kf3 Rb4 77. Ke3 Ra4 78. Kf3 Rb4 79. Ke3 Ra4 80. Kf3 1/2-1/2


[Site "https://www.chess.com"]

[Event "Titled Tuesday Blitz December 20 Late 2022"]
[White "Ferreira, Vitor Hugo Vieira"]
[Black "Vlassov, Nikolai"]
[WhiteFideId "2119765"]
[BlackFideId "4103360"]
[WhiteElo "2146"]
[BlackElo "2324"]
[Result "0-1"]
[Round "08"]
[TimeControl "180+1"]
[Date "2022.12.21"]
[WhiteClock "0:00:06"]
[BlackClock "0:00:19"]

1. e4 Nc6 2. d4 d5 3. exd5 Qxd5 4. Nf3 Bg4 5. Be2 O-O-O 6. c4 Qh5 7. d5 e6 8. Nc3 Nf6 9. Qb3 exd5 10. cxd5 Nxd5 11. Nxd5 Qxd5 12. Qxd5 Rxd5 13. O-O Bc5 14. Bc4 Bxf3 15. gxf3 Rf5 16. Kg2 Rd8 17. a3 Rd6 18. b4 Rg6+ 19. Kh1 Bd4 20. Bd3 Rxf3 21. Bxg6 Bxa1 22. Be4 Rc3 23. Bd2 Rxa3 24. Bxh7 g6 25. Bg8 Ne5 26. f4 Nc4 27. Bc1 Ra4 28. Bxf7 Rxb4 29. Bxg6 Bf6 30. Bf5+ Kb8 31. Bd3 a5 32. Rg1 a4 33. Rg6 Bb2 34. Rg8+ Ka7 35. Bxc4 Bxc1 36. Bd3 Bxf4 37. Rg2 Rd4 38. Bb5 Rd1+ 39. Rg1 Rxg1+ 40. Kxg1 a3 41. Bc4 b5 42. Bb3 c5 43. h4 c4 44. Ba2 Kb6 45. Kf2 Kc5 46. Ke2 b4 47. Kd1 b3 48. Bb1 a2 49. Bxa2 bxa2 50. Kc2 a1=Q 51. h5 Kd4 0-1


[Site "https://www.chess.com"]

[Event "Titled Tuesday Blitz December 20 Late 2022"]
[White "Fiorito, Francisco"]
[Black "Tristan, Leonardo"]
[WhiteFideId "180165"]
[BlackFideId "113816"]
[WhiteElo "2348"]
[BlackElo "2461"]
[Result "1-0"]
[Round "08"]
[TimeControl "180+1"]
[Date "2022.12.21"]
[WhiteClock "0:00:09"]
[BlackClock "0:00:01"]

1. Nf3 d5 2. g3 Nf6 3. Bg2 Bf5 4. O-O e6 5. c4 c6 6. d3 dxc4 7. dxc4 Nbd7 8. Nc3 Qc7 9. Bf4 e5 10. Bg5 h6 11. Bd2 Bc5 12. Qb3 O-O 13. Rad1 Rfe8 14. Na4 Bf8 15. Bb4 c5 16. Ba3 e4 17. Ne1 Ne5 18. Nc3 Nc6 19. Nc2 a6 20. Nd5 Nxd5 21. cxd5 Na5 22. Qc3 b5 23. Ne3 Bh7 24. b4 Nc4 25. Nxc4 cxb4 26. Bxb4 Bxb4 27. Qxb4 Qxc4 28. Qxc4 bxc4 29. Rd4 Rac8 30. Rc1 c3 31. e3 Red8 32. Bf1 a5 33. Bb5 Rc5 34. Bc6 Kf8 35. Rc2 f5 36. Ra4 Bg8 37. Ra3 Bxd5 38. Bxd5 Rcxd5 39. Raxc3 Kf7 40. Rc7+ Kf6 41. R2c6+ R8d6 42. Rxd6+ Rxd6 43. Rc5 Ra6 44. a4 g6 45. h3 g5 46. g4 f4 47. exf4 gxf4 48. Rf5+ Ke6 49. Rxf4 Ke5 50. Rf5+ Kd4 51. h4 Kc4 52. Kg2 Kb4 53. Re5 Kxa4 54. Rxe4+ Kb5 55. f4 a4 56. Re2 a3 57. Ra2 Kc4 58. g5 h5 59. Kf3 Kb3 60. Re2 Rc6 61. Re8 Rc3+ 62. Ke4 Rc4+ 63. Kf5 a2 64. Re1 Kb2 65. g6 Rc1 66. Rxc1 Kxc1 67. g7 a1=Q 68. g8=Q Qa5+ 69. Kg6 Qc5 70. Qf7 Qg1+ 71. Kxh5 Kd2 72. Qe6 Kd3 73. f5 Qg7 74. Qg6 Qh8+ 75. Kg5 Ke4 76. f6+ Ke5 77. Qg7 Qd8 78. Qe7+ 1-0


[Site "https://www.chess.com"]

[Event "Titled Tuesday Blitz December 20 Late 2022"]
[White "Flynn, Jacob"]
[Black "Nasir, Zehn"]
[WhiteFideId "2509393"]
[BlackFideId "2613239"]
[WhiteElo "2053"]
[BlackElo "1993"]
[Result "0-1"]
[Round "08"]
[TimeControl "180+1"]
[Date "2022.12.21"]
[WhiteClock "0:01:03"]
[BlackClock "0:00:50"]

1. d4 Nf6 2. c4 e6 3. g3 c5 4. d5 exd5 5. cxd5 d6 6. Bg2 g6 7. Nc3 Bg7 8. Nf3 O-O 9. O-O Re8 10. Nd2 a6 11. a4 Nbd7 12. Nc4 Ne5 13. Na3 Rb8 14. h3 Nh5 15. e4 Bd7 16. Qe2 f5 17. exf5 Bxf5 18. Rd1 Nd3 19. Qd2 Bd4 20. g4 Bxf2+ 21. Kh2 Qh4 22. gxf5 Qg3+ 23. Kh1 Nhf4 24. Rg1 Bxg1 0-1


[Site "https://www.chess.com"]

[Event "Titled Tuesday Blitz December 20 Late 2022"]
[White "Forgacs, Attila Jr."]
[Black "Goncalves, Davi Sulzbacher"]
[WhiteFideId "773654"]
[BlackFideId "2154510"]
[WhiteElo "2168"]
[BlackElo "2182"]
[Result "1-0"]
[Round "08"]
[TimeControl "180+1"]
[Date "2022.12.21"]
[WhiteClock "0:00:28"]
[BlackClock "0:00:10"]

1. e4 e5 2. Nf3 Nc6 3. Bb5 Nf6 4. d3 Bd6 5. O-O Ne7 6. d4 Nxe4 7. dxe5 Bc5 8. Bd3 d5 9. Bxe4 dxe4 10. Qxd8+ Kxd8 11. Ng5 Be6 12. Nxe4 Bb6 13. Nbc3 h6 14. Na4 Nc6 15. Nxb6 axb6 16. f4 Bf5 17. Nc3 Nb4 18. Be3 Nxc2 19. Rad1+ Kc8 20. Bf2 Nb4 21. a3 Nd3 22. Nd5 Re8 23. h3 Be4 24. Nc3 Nxf2 25. Rxf2 Bc6 26. g4 Ra5 27. Rfd2 Rc5 28. Kf2 Rc4 29. Rd4 Rxd4 30. Rxd4 g6 31. Ke3 Bd7 32. Nd5 Be6 33. Nf6 Rh8 34. Ke4 c5 35. Rd6 Ba2 36. Nd5 Bb1+ 37. Ke3 b5 38. Nc3 Bc2 39. Nxb5 b6 40. Rxb6 Kd7 41. Rd6+ Ke7 42. Nc7 Rb8 43. Nd5+ Kf8 44. Nf6 h5 45. g5 Rb3+ 46. Kd2 1-0


[Site "https://www.chess.com"]